Map: Catalyst LE

Players

Torrefy - Winner!

  • Race: Zerg Zerg
  • League: Diamond
  • Spawn Location: 5:00

BobbyAwesome

  • Race: Protoss Protoss
  • League: Diamond
  • Spawn Location: 11:00

VOD

Have the link to the VOD?

Description

Time

  • Played on: May 2, 2018, 5:41 a.m.
  • Length: 8:05
Show
View Real Time Build Order
Export as new Build Order

Torrefy Zerg - Winner!

Build Orders: Hatch First 

Get SALT Encoding   

  12  0:01  Drone  
  13  0:12  Overlord  
  13  0:17  Drone  
  14  0:31  Drone x2  
  16  0:36  Drone  
  17  0:55  Hatchery, Drone  
  17  1:09  Extractor  
  17  1:11  Spawning Pool  
  15  1:13  Drone  
  15  1:17  Drone  
  17  1:20  Drone  
  18  1:31  Drone  
  19  1:39  Overlord  
  19  1:50  Drone  
  20  1:57  Queen  
  22  2:01  Drone  
  22  2:07  Queen  
  22  2:08  Drone  
  26  2:10  Metabolic Boost  
  26  2:13  Zergling x2  
  27  2:19  Zergling x2  
  28  2:25  Zergling x2  
  29  2:32  Overlord  
  29  2:36  Overlord  
  29  3:04  Zergling x4  
  31  3:08  Zergling x8  
  33  3:13  Zergling x4, Overlord  
  33  3:15  Queen  
  37  3:33  Zergling x2  
  39  3:34  Zergling x6  
  39  3:41  Extractor  
  39  3:44  Overlord  
  39  3:45  Roach Warren  
  39  3:46  Drone x2  
  40  3:56  Queen  
  40  3:57  Overlord  
  42  4:03  Drone  
  42  4:04  Drone x2  
  42  4:05  Drone  
  46  4:24  Lair  
  46  4:26  Drone x2  
  46  4:30  Drone, Overlord  
  46  4:31  Drone x2  
  51  4:40  Overlord  
  51  4:41  Drone  
  52  4:50  Spore Crawler  
  52  4:52  Spore Crawler  
  52  5:00  Roach x3  
  52  5:01  Roach  
  58  5:14  Overlord  
  58  5:15  Drone x5  
  63  5:28  Overseer x2  
  63  5:43  Glial Reconstitution  
  63  5:51  Roach  
  63  5:52  Roach x8  
  79  6:09  Spine Crawler  
  79  6:10  Spore Crawler  
  75  6:13  Spine Crawler  
  75  6:16  Drone x2  
  75  6:17  Drone  
  77  6:19  Drone x2  
  77  6:20  Drone x4, Extractor  
  82  6:27  Overlord  
  81  6:33  Spine Crawler  
  81  6:39  Overlord x2  
  80  6:46  Roach  
  82  6:47  Roach x2  
  82  6:51  Roach x2  
  82  6:52  Overlord  
  90  7:04  Roach x4  
  92  7:29  Roach  
  108  7:30  Roach x7  
  108  7:50  Ravager  
Show
View Real Time Build Order
Export as new Build Order

BobbyAwesome Protoss 

Build Orders: Zealot Archon, Dark Templar Rush 

Get SALT Encoding   

  12  0:01  Probe  
  13  0:13  Pylon  
  13  0:20  Assimilator  
  13  0:32  Probe  
  13  0:33  Gateway  
  13  0:40  Probe  
  15  0:50  Probe  
  16  1:02  Probe  
  17  1:10  Gateway  
  17  1:14  Probe  
  18  1:21  Cybernetics Core  
  18  1:27  Probe  
  19  1:36  Pylon  
  19  1:39  Probe  
  22  1:47  Stalker  
  22  1:50  Stalker  
  22  1:51  Probe  
  23  2:00  Warp Gate  
  25  2:17  Zealot  
  25  2:18  Zealot  
  29  2:29  Probe  
  30  2:40  Twilight Council  
  30  2:41  Probe  
  31  2:46  Gateway  
  31  2:47  Pylon  
  31  3:05  Zealot  
  33  3:23  Zealot  
  35  3:32  Zealot  
  29  3:43  Dark Shrine  
  29  3:47  Pylon, Assimilator  
  29  3:50  Pylon  
  29  4:06  Gateway  
  29  4:15  Pylon  
  29  4:22  Shield Battery  
  29  4:25  Gateway  
  29  4:34  Zealot x3  
  35  4:44  Pylon  
  35  4:57  Dark Templar x3  
  41  5:04  Stalker  
  43  5:29  Dark Templar  
  39  5:46  Dark Templar  
  39  5:47  Zealot  
  39  5:48  Zealot  
  45  6:01  Pylon  
  37  6:19  Dark Templar  
  37  6:21  Nexus  
  39  6:29  Archon  
  39  6:32  Zealot, Sentry  
  41  6:33  Zealot  
  45  6:45  Probe  
  45  6:50  Pylon  
  45  6:53  Probe  
  46  6:56  Dark Templar  
  49  7:03  Probe  
  50  7:14  Robotics Facility  
  26  7:30  Sentry  
  26  7:31  Zealot x3  
  27  7:52  Zealot, Sentry  
  27  7:53  Zealot  
  29  7:59  Zealot  
Tags
 
Add a new tag
Caveats
  • Supply blocks, unpowered buildings, or Contaminate may cause inaccurate times.
  • Supply counts are checked every 10 seconds.